 Dungeon Crawl Stone Soup version 0.31.0-11-ge490571c62 (webtiles) character file.

Game seed: 14260579448379626158

38 Gadfly the Ruffian (level 3, 0/26 HPs)
             Began as a Demonspawn Shapeshifter on Jan 27, 2024.
             Succumbed to a kobold's poison
             ... on level 2 of the Dungeon.
             The game lasted 00:01:54 (780 turns).

Gadfly the Ruffian (Demonspawn Shapeshifter)         Turns: 780, Time: 00:01:54

Health: 0/26       AC:  4    Str: 16    XL:     3   Next: 25%
Magic:  2/3        EV: 12    Int: 10    God:
Gold:   75         SH:  0    Dex: 10    Spells: 2/2 levels left

rFire   . .          .
                       - Unarmed
rCold   . . .        (no shield)
rNeg    . . .        a - +0 animal skin
rPois   .            g - melded +0 helmet
rElec   .            (cloak currently unavailable)
rCorr   .            (gloves currently unavailable)
SInv    .            (boots currently unavailable)
Will    .....        e - amulet of guardian spirit
Stlth   +            (no ring)
HPRegen 0.24/turn    (no ring)
MPRegen 0.08/turn

%: guardian spirit
@: brilliant, lethally poisoned (0 -> -7), beast-form
A: beast (slay +1), molten scales 1, clumsy 1
a: Begin Untransformation


You were on level 2 of the Dungeon.
You were a hulking beast.
You visited 1 branch of the dungeon, and saw 2 of its levels.

You collected 75 gold pieces.

Inventory:

Armour
 a - a +0 animal skin (worn)
 g - a +0 helmet (melded)
Jewellery
 e - an amulet of guardian spirit (around neck)
Talismans
 c - a beast talisman (active)
 d - a flux talisman
Scrolls
 h - 2 scrolls of teleportation
Potions
 b - a potion of lignification
 f - a potion of brilliance
 i - a potion of mutation
 j - a potion of degeneration {unknown}


   Skills:
 + Level 1.6 Fighting
 * Level 2.3 Dodging
 + Level 2.9 Unarmed Combat
 * Level 1.2 Evocations
 + Level 2.8 Shapeshifting


You had 2 spell levels left.
You didn't know any spells.
Your spell library contained the following spells:

 Spells                   Type           Power      Damage    Failure   Level
 Blink                    Tloc           0%         N/A       50%         2
 Lesser Beckoning         Tloc           0%         N/A       50%         2
 Momentum Strike          Conj/Tloc      0%         3d8       50%         2


Dungeon Overview and Level Annotations

Branches:
Dungeon (2/15)

Altars:


Innate Abilities, Weirdness & Mutations

You are a hulking beast.
Your limbs bulge with bestial killing power. (Slay +1)
You are partially covered in molten scales. (AC +2)
You are clumsy. (Dex -2)


Message History

The web tears apart.
You feel very sick. The kobold closely misses you.
Found a pink potion.
You feel sick. The kobold attacks as it pursues you!
The kobold hits you but does no damage.
You are more poisoned.
Found a stone staircase leading up.
You feel very sick.
There is a stone staircase leading down here.
You feel sick. The kobold attacks as it pursues you!
The kobold closely misses you.
You feel sick.
You feel sick.
You feel sick.
A rat comes into view.
You feel sick.
You hit the kobold.
The kobold is moderately wounded.
You feel sick. The kobold misses you.
You closely miss the kobold.
The kobold is moderately wounded.
You feel sick. The kobold hits you but does no damage.
You are lethally poisoned!
You closely miss the kobold. You punch the kobold, but do no damage.
The kobold is moderately wounded.
* * * LOW HITPOINT WARNING * * *
You feel very sick. The kobold barely misses you.
You hit the kobold.
You kill the kobold!
* * * LOW HITPOINT WARNING * * *
You feel sick.
The rat squeaks loudly.
It was a potion of brilliance.
You feel clever all of a sudden.
* * * LOW HITPOINT WARNING * * *
You feel sick. The goblin hits you with a +0 dagger.
It was a potion of mutation.
You feel extremely strange.
You feel a little pissed off.
You feel clumsy.
You feel a little more calm.
You die...

###.##..##
#####..###.##.
..............
..
#####.####..##
#.# # #...# #
### #..## #.###
#.##.<.. #..
#.#...# #.
####.#...# #.
#.hgw...# . #
#r##....# .. .
#. #..###..# #.
..##g.......
####.>...####
##....##
#......# .
.......#.....#
.
....####..##.[#


You could see a ribbon worm, a goblin and a rat.

Vanquished Creatures
  An adder (D:2)
  A ball python (D:1)
  3 endoplasms (D:1)
  2 giant cockroaches (D:1)
  2 goblins (D:1)
  2 hobgoblins (D:1)
  2 jackals (D:1)
  7 quokkas
  2 kobolds (D:2)
  2 rats (D:1)
24 creatures vanquished.

Notes
Turn   | Place    | Note
-------+----------+-------------------------------------------
     0 | D:1      | Gadfly the Demonspawn Shapeshifter began the quest for the
                  | Orb.
     0 | D:1      | Reached XP level 1. HP: 15/15 MP: 1/1
    53 | D:1      | Found a faded altar of an unknown god.
   146 | D:1      | Gained mutation: You are partially covered in molten
                  | scales. (AC +2) [demonic ancestry]
   146 | D:1      | Reached XP level 2. HP: 21/21 MP: 2/2
   279 | D:1      | Reached skill level 1 in Evocations
   644 | D:2      | Reached XP level 3. HP: 20/26 MP: 3/3
   780 | D:2      | Gained mutation: You sometimes lose your temper in combat.
                  | [potion of mutation]
   780 | D:2      | Gained mutation: You are clumsy. (Dex -2) [potion of
                  | mutation]
   780 | D:2      | Lost mutation: You sometimes lose your temper in combat.
                  | [potion of mutation]
   780 | D:2      | Succumbed to a kobold's poison

Illustrated notes

Levels and vault maps discovered:
D:1:      scummos_arrival_forest, layout_basic,
          chequers_ecumenical_altar_island, hex_large
D:2:      layout_rooms, uniq_crazy_yiuf_cottage

Skill      XL: |  1  2 |
---------------+-------+-----
Dodging        | 2 |  2.3
Evocations     | 1 |  1.2
Fighting       | |  1.6
Unarmed Combat | |  2.9
Shapeshifting  | |  2.8

Action                     || total
---------------------------++-------
  Melee: Unarmed           ||    76
         Punch             ||     1
Ability: Begin Untransform ||     1
    Use: Scroll            ||     2
         Potion            ||     2
   Stab: Sleeping          ||     3
 Armour: Animal skin       ||    26
  Dodge: Dodged            ||    39
   Form: Beast             ||     1
